 Dungeon Crawl Stone Soup version 0.28-a0-804-g60983d4ba9 (webtiles) character file.

Game seed: 7125187833413460698

67 cheechan the Bolt Thrower (level 4, 0/29 HPs)
             Began as an Octopode Hunter on Nov 7, 2021.
             Slain by an orc (3 damage)
             ... on level 3 of the Dungeon.
             The game lasted 00:08:53 (1691 turns).

cheechan the Bolt Thrower (Octopode Hunter)         Turns: 1691, Time: 00:08:54

Health: 0/29       AC:  1    Str: 17    XL:     4   Next: 16%
Magic:  4/4        EV: 13    Int: 13    God:
Gold:   82         SH:  0    Dex: 13    Spells: 3/3 levels left

rFire   . . .      SeeInvis .   e - +0 spear
rCold   . . .      Faith    .   (no shield)
rNeg    . . .      Spirit   .   (helmet restricted)
rPois   .          Reflect  .   i - amulet of regeneration
rElec   .          Harm     .   g - +6 ring of strength
rCorr   .          Rampage  .   (no ring)
Will    .....                   (no ring)
Stlth   +++.......              (no ring)
HPRegen 1.09/turn               (no ring)
MPRegen 0.09/turn               (no ring)
                                (no ring)
                                (no ring)

@: no status effects
A: almost no armour, amphibious, 8 rings, camouflage 1, gelatinous body 1,
(nimble swimmer 1), tentacles
a: no special abilities


You were on level 3 of the Dungeon.
You visited 1 branch of the dungeon, and saw 3 of its levels.

You collected 82 gold pieces.

Inventory:

Hand Weapons
 a - a +1 hand crossbow
 e - a +0 spear (weapon)
 j - a +0 hunting sling
Missiles
 c - a bolt
 f - 5 javelins
 h - 14 poisoned darts
Jewellery
 g - a +6 ring of strength (left tentacle)
 i - an amulet of regeneration (around mantle)
Potions
 d - 2 potions of resistance {unknown}
 k - a potion of ambrosia {unknown}


   Skills:
 + Level 2.2 Fighting
 + Level 0.1 Polearms
 + Level 5.2 Crossbows
 + Level 2.3 Dodging
 + Level 1.7 Stealth


You had 3 spell levels left.
You didn't know any spells.
Your spell library contained the following spells:

 Spells                   Type           Power      Damage    Failure   Level
 Conjure Flame            Conj/Fire      0%         6-21      67%         3
 Ignite Poison            Fire/Tmut/Pois 0%         N/A       67%         3
 Sticky Flame             Conj/Fire      0%         2d3       97%         4


Dungeon Overview and Level Annotations

Branches:
Dungeon (3/15)

Altars:


Innate Abilities, Weirdness & Mutations

You cannot wear most types of armour.
You are amphibious.
You can wear up to eight rings at the same time.
Your skin changes colour to match your surroundings (Stealth+).
Your rubbery body absorbs attacks. (AC +1, EV +1)
((You are camouflaged near water. (Stealth+)))
You have tentacles for arms and can constrict up to eight enemies at once.


Message History

The orc is heavily wounded.
You constrict the orc. The orc closely misses you. The orc barely misses you.
You hit the orc.
You kill the orc!
The orc hits you with a +0 whip.
You hit the orc wizard. Your grab misses the orc wizard.
You squeeze the orc wizard.
The orc wizard is heavily wounded.
The orc misses you. The orc wizard closely misses you.
You hit the orc wizard. Your grab misses the orc wizard.
The orc wizard is severely wounded.
The orc barely misses you. The orc wizard misses you.
You closely miss the orc wizard. Your grab misses the orc wizard.
You squeeze the orc wizard, but do no damage.
The orc wizard is severely wounded.
The orc hits you with a +0 whip.
The orc wizard casts a spell.
The orc wizard flickers and vanishes!
Deactivating autopickup; reactivate with Ctrl-A.
You miss something. The orc hits you with a +0 whip. Something hits you.
* * * LOW HITPOINT WARNING * * *
The orc barely misses you.
You hit something but do no damage.
You hear some strange, mumbled words.
A puff of flame appears from out of thin air!
The puff of flame hits you.
* * * LOW HITPOINT WARNING * * *
The orc misses you.
You miss something. Your squeeze misses something. Something hits you.
* * * LOW HITPOINT WARNING * * *
The orc completely misses you.
You hit something.
You hear some strange, mumbled words.
A puff of flame appears from out of thin air!
The puff of flame misses you. The orc misses you.
Okay, then.
You miss something. Something hits you.
* * * LOW HITPOINT WARNING * * *
The orc hits you with a +0 whip.
You die...

.≈≈≈≈..
≈≈≈≈≈≈≈
≈≈≈≈≈≈.
≈≈≈≈≈(≈ .≈.≈≈
≈(.
#######(###.#.
#....@{.(..((.
#....)o.##.(.#
#....†..(.((..
#.............
#...<.........
#.......##....
#.<.....# ..$.
######### #..
##


You could see an orc.

Vanquished Creatures
  An adder (D:3)
  A worm (D:2)
  A dart slug (D:2)
  7 orcs (D:3)
  5 endoplasms
  2 giant cockroaches
  5 hobgoblins
  4 jackals (D:2)
  5 kobolds
  4 quokkas
  A ball python (D:2)
  A bat (D:2)
  3 goblins
40 creatures vanquished.

Vanquished Creatures (others)
  2 plants (D:2)
2 creatures vanquished.

Grand Total: 42 creatures vanquished

Notes
Turn   | Place    | Note
-------+----------+-------------------------------------------
     0 | D:1      | cheechan the Octopode Hunter began the quest for the Orb.
     0 | D:1      | Reached XP level 1. HP: 14/14 MP: 1/1
    76 | D:1      | Reached XP level 2. HP: 19/19 MP: 2/2
  1012 | D:2      | Reached XP level 3. HP: 24/24 MP: 3/3
  1491 | D:2      | Reached skill level 5 in Crossbows
  1674 | D:3      | Reached XP level 4. HP: 21/29 MP: 4/4
  1691 | D:3      | Slain by an orc

Illustrated notes

Levels and vault maps discovered:
D:1:      scummos_arrival_gate, layout_loops_ring, minmay_misc_feat_roman,
          minivault_25, minmay_misc_feat_doors, corexii_hall_statues_t,
          minmay_surrounded
D:2:      layout_loops_ring, corexii_shack
D:3:      layout_loops_cross, nicolae_vehumet_radiance, serial_shops, shop,
          chequers_ecumenical_altar_island, uniq_robin

Skill      XL: |  1  2  3 |
---------------+----------+-----
Crossbows      | 5 |  5.2
Fighting       | |  2.2
Polearms       | |  0.1
Dodging        | |  2.3
Stealth        | |  1.7

Action                   |  1- 3 |  4- 6 || total
-------------------------+-------+-------++-------
Melee: Hand crossbow     |    36 |       ||    36
       Constrict         |    12 |     3 ||    15
       Tentacles         |     8 |     4 ||    12
       Spear             |       |    17 ||    17
 Fire: Hand crossbow     |    47 |       ||    47
  Use: Scroll            |     5 |       ||     5
 Stab: Sleeping          |     1 |       ||     1
Armor: Skin              |    10 |       ||    10
Dodge: Dodged            |    42 |    16 ||    58

Table legend: (Time is in decaauts)
 A = Elapsed time spent in this place.
 B = Non-inter-level travel time spent in this place.
 C = Inter-level travel time spent in this place.
 D = Time resting spent in this place.
 E = Time spent auto-exploring this place.
 F = Levels seen in this place.
 G = Mean time per level.
                   A        B        C        D        E       F      G
               +--------+--------+--------+--------+--------+-----+--------+
         Total |   1721 |   1721 |      0 |      0 |      0 |   3 |  573.7 |
       Dungeon |   1721 |   1721 |      0 |      0 |      0 |   3 |  573.7 |
               +--------+--------+--------+--------+--------+-----+--------+

Top non-repeatable levels by time:
     D:1: 900 daAuts
     D:2: 758 daAuts
     D:3: 62 daAuts
